 Dungeon Crawl Stone Soup version 0.25.0-26-g0c896c7088 (webtiles) character file.

Game seed: 16434714879110046801

98 Exodus22XD the Poker (level 4, -6/34 HPs)
             Began as a Demonspawn Gladiator on July 4, 2020.
             Mangled by an iron imp (7 damage)
             ... summoned by Natasha
             ... on level 2 of the Dungeon.
             The game lasted 00:02:15 (2512 turns).

Exodus22XD the Poker (Demonspawn Gladiator)         Turns: 2512, Time: 00:02:16

Health: -6/34      AC:  8    Str: 15    XL:     4   Next: 44%
Magic:  4/4        EV: 12    Int: 10    God:
Gold:   84         SH:  0    Dex: 14    Spells: 3/3 levels left

rFire    . . .     SeeInvis .   a - +0 trident
rCold    . . .     Gourm    .   (no shield)
rNeg     . . .     Faith    .   h - +0 ring mail
rPois    .         Spirit   .   c - +0 helmet
rElec    .         Reflect  .   (no cloak)
rCorr    .         Harm     .   (no gloves)
MR       .....                  (no boots)
Stlth    ++........             g - amulet of inaccuracy (curse)
HPRegen  0.11/turn              (no ring)
MPRegen  0.09/turn              (no ring)

@: no status effects
A: yellow scales 1, nightstalker 1
a: no special abilities


You were on level 2 of the Dungeon.
You were not hungry.

You visited 1 branch of the dungeon, and saw 2 of its levels.

You collected 84 gold pieces.

Inventory:

Hand Weapons
 a - a +0 trident (weapon)
Missiles
 d - 3 throwing nets (quivered)
Armour
 c - a +0 helmet (worn)
 h - a +0 ring mail (worn)
Jewellery
 g - a cursed amulet of inaccuracy (around neck)
Wands
 m - a wand of iceblast (2)
Scrolls
 e - 2 scrolls of teleportation {unknown}
 k - a scroll of fog {unknown}
Potions
 b - a potion of curing {unknown}
 i - a potion of cancellation {unknown}
 j - 2 potions of berserk rage {unknown}
Comestibles
 f - 5 rations
 l - 5 chunks of flesh


   Skills:
 + Level 2.7 Fighting
 + Level 3.7 Polearms
 - Level 1.7 Throwing
 + Level 0.9 Armour
 + Level 3.2 Dodging
 + Level 0.8 Stealth


You had 3 spell levels left.
You didn't know any spells.
Your spell library was empty.

Dungeon Overview and Level Annotations

Branches:
Dungeon (2/15)

Altars:
Vehumet

Annotations:
D:2 Natasha


Innate Abilities, Weirdness & Mutations

You are partially covered in yellow scales. (AC +2)
You are slightly more attuned to the shadows.


Message History

You hit Natasha but do no damage. Natasha barely misses you.
The iron imp hits you. Natasha closely misses you.
You barely miss Natasha. The iron imp completely misses you.
Natasha claws you but does no damage.
You miss Natasha. The iron imp barely misses you. Natasha claws you.
You barely miss Natasha.
Natasha mewls in sadness.
Natasha casts a spell.
The iron imp hits you!
You are too injured to fight recklessly!
You are too injured to fight recklessly!
You hit Natasha but do no damage. Natasha claws you.
The iron imp closely misses you.
You closely miss Natasha. The iron imp hits you.
* * * LOW HITPOINT WARNING * * *
Natasha claws you!
* * * LOW HITPOINT WARNING * * *
You hit Natasha but do no damage. The iron imp closely misses you.
Natasha claws you but does no damage. The iron imp hits you!
You die...

###### .....#########
.((..........######.###
÷....#####.....5@h.....
...###. ###..#
#.......5..... ....#.
###..## #..##########.
#....# .##.... ....# #<
#....# ......####..# #.
#....# ..##### #.$#
##.##....# ..# #..#
###...#....# ###
#..........# #
.#...#.#÷.####


You could see 2 iron imps and Natasha.

Vanquished Creatures
  Natasha (D:2)
  An adder (D:2)
  A worm (D:2)
  2 dart slugs (D:2)
  3 leopard geckos
  8 bats
  3 giant cockroaches
  6 hobgoblins
  7 jackals
  4 kobolds
  A quokka (D:2)
  4 frilled lizards
  5 goblins
  6 rats
52 creatures vanquished.

Notes
Turn   | Place    | Note
-------+----------+-------------------------------------------
     0 | D:1      | Exodus22XD the Demonspawn Gladiator began the quest for the
                  | Orb.
     0 | D:1      | Reached XP level 1. HP: 16/16 MP: 1/1
   475 | D:1      | Gained mutation: You are partially covered in yellow
                  | scales. (AC +2) [demonic ancestry]
   475 | D:1      | Reached XP level 2. HP: 20/22 MP: 2/2
  1126 | D:1      | Reached XP level 3. HP: 27/28 MP: 3/3
  1812 | D:2      | Noticed Natasha
  1829 | D:2      | HP: 1/28 [Natasha (2)]
  1830 | D:2      | Killed Natasha
  1830 | D:2      | Gained mutation: You are slightly more attuned to the
                  | shadows. [demonic ancestry]
  1830 | D:2      | Reached XP level 4. HP: 2/34 MP: 4/4
  1834 | D:2      | HP: 1/34 [rat (2)]
  2425 | D:2      | Found a radiant altar of Vehumet.
  2485 | D:2      | Noticed Natasha
  2511 | D:2      | HP: 1/34 [Natasha (8)]
  2512 | D:2      | Mangled by an iron imp

Illustrated notes

Levels and vault maps discovered:
D:1:      dpeg_arrival_leaves_temple_mockup, layout_loops_ring
D:2:      layout_loops_ring, nicolae_overflow_crystal_walls, minivault_11,
          uniq_natasha

Skill      XL: |  1  2 |
---------------+-------+-----
Polearms       | 3 |  3.7
Dodging        | 3 |  3.2
Fighting       | |  2.7
Throwing       | |  1.7
Armour         | |  0.9
Stealth        | |  0.8

Action                   |  1- 3 |  4- 6 || total
-------------------------+-------+-------++-------
Melee: Trident           |   191 |    88 ||   279
 Stab: Sleeping          |     2 |     4 ||     6
  Eat: Chunk             |     2 |     4 ||     6
Armor: Leather armour    |    58 |     5 ||    63
       Ring mail         |       |    22 ||    22
Dodge: Dodged            |   138 |    49 ||   187
